 Dungeon Crawl Stone Soup version 0.20.1-1-g8b1a95d66d (webtiles) character file.

72 NullDivider the Grasshopper (level 4, 0/22 HPs)
             Began as a Spriggan Warper on Nov 24, 2017.
             Succumbed to a worker ant's poison
             ... on level 4 of the Dungeon.
             The game lasted 00:14:38 (2544 turns).

NullDivider the Grasshopper (Spriggan Warper)       Turns: 2544, Time: 00:14:39

Health: 0/22       AC:  2    Str:  7    XL:     4   Next: 7%
Magic:  10/10      EV: 19    Int: 24    God:
Gold:   113        SH:  0    Dex: 15    Spells: 5/10 levels left

rFire    + . .     SeeInvis +   k - +0 dagger
rCold    . . .     Gourm    .   (shield restricted)
rNeg     . . .     Faith    .   b - +0 robe
rPois    .         Spirit   .   (helmet restricted)
rElec    .         Reflect  .   (no cloak)
rCorr    .         Harm     .   (gloves unavailable)
MR       .....                  (boots unavailable)
Stlth    ++........             (no amulet)
Regen    0.1/turn               n - +4 ring of intelligence
MPRegen  0.2/turn               q - ring of protection from fire

@: brilliant, lethally poisoned (0 -> -14), flying, very quick
A: unfitting armour, see invisible, herbivore 3, speed 3, slow metabolism 2
a: no special abilities


You were on level 4 of the Dungeon.
You were not hungry.

You visited 1 branch of the dungeon, and saw 3 of its levels.

You collected 113 gold pieces.

Inventory:

Hand Weapons
 k - a +0 dagger (weapon)
Armour
 b - a +0 robe (worn)
Jewellery
 n - a +4 ring of intelligence (left hand)
 q - a ring of protection from fire (right hand)
Scrolls
 d - a scroll of blinking
 e - 2 scrolls of identify {unknown}
 h - 2 scrolls of enchant armour {unknown}
 i - 3 scrolls of fog {unknown}
 j - 3 scrolls of remove curse {unknown}
 l - a scroll of magic mapping {unknown}
 m - 3 scrolls of teleportation {unknown}
 r - a scroll of recharging {unknown}
Potions
 p - a potion of agility {unknown}
Books
 c - a book of Spatial Translocations

   Spells                             Type                      Level
   a - Blink                          Translocation                2
   b - Shroud of Golubria             Charms/Translocation         2
   c - Lesser Beckoning               Translocation                3
   d - Gell's Gravitas                Translocation                3
   e - Teleport Other                 Translocation                3
   f - Passage of Golubria            Translocation                4
Comestibles
 f - a bread ration
 g - 3 royal jellies


   Skills:
 - Level 1.5 Fighting
 + Level 2.8 Short Blades
 - Level 1.0 Throwing
 + Level 4.1 Dodging
 + Level 2.7 Stealth
 + Level 3.6 Spellcasting
 + Level 4.9 Translocations


You had 5 spell levels left.
You knew the following spells:

 Your Spells              Type           Power        Failure   Level  Hunger
a - Blink                 Tloc           N/A          1%          2    #......
b - Teleport Other        Tloc           #####...     1%          3    ###....


Dungeon Overview and Level Annotations

Branches:
Dungeon (2/15)

Altars:

Annotations:
D:2 Jessica


Innate Abilities, Weirdness & Mutations

You are very small and have problems with some larger weapons.
You are too small for most types of armour.
You have supernaturally acute eyesight. (SInv)
You are a herbivore.
You cover ground extremely quickly.
You need consume almost no food.


Message History

You hit the worker ant but do no damage.
The worker ant bites you.
You are poisoned.
The worker ant poisons you!
You hit the worker ant but do no damage.
You feel sick. The worker ant bites you.
You closely miss the worker ant. The worker ant bites you.
You closely miss the worker ant.
You feel sick. The worker ant bites you.
* * * LOW HITPOINT WARNING * * *
It was a potion of flight.
You feel very buoyant.
You fly up into the air.
The worker ant bites you.
* * * LOW HITPOINT WARNING * * *
The worker ant bites you.
* * * LOW HITPOINT WARNING * * *
You are more poisoned.
The worker ant poisons you!
It was a potion of brilliance.
You feel clever all of a sudden.
You die...

. .. ... .... o..#
#########....##
#.a@...........
#.....####......[#######
#...! #...(.............
#... #.##.......#.....
#.. #.#............. ##
#.#.#######.....
#.#.#######.....
#............#
###......##..#


You could see a worker ant.

Vanquished Creatures
  Natasha (D:2)
  An adder (D:2)
  A dart slug (D:2)
  A leopard gecko (D:1)
  5 bats
  5 giant cockroaches
  2 goblins (D:1)
  3 hobgoblins
  4 jackals (D:1)
  A frilled lizard (D:1)
  6 kobolds
  4 rats
34 creatures vanquished.

Notes
Turn   | Place    | Note
-------+----------+-------------------------------------------
     0 | D:1      | NullDivider the Spriggan Warper began the quest for the Orb.
     0 | D:1      | Reached XP level 1. HP: 10/10 MP: 5/5
    99 | D:1      | Reached skill level 1 in Stealth
    99 | D:1      | Reached XP level 2. HP: 8/14 MP: 7/7
   236 | D:1      | Learned a level 2 spell: Blink
  1243 | D:1      | Reached XP level 3. HP: 18/18 MP: 8/8
  1524 | D:2      | Noticed Jessica
  1676 | D:2      | Noticed Natasha
  1684 | D:2      | Killed Natasha
  1684 | D:2      | Reached XP level 4. HP: 22/22 MP: 8/10
  1757 | D:2      | Learned a level 3 spell: Teleport Other
  2507 | D:2      | You fall through a shaft for 2 floors!
  2543 | D:4      | HP: 1/22 [worker ant (2)]
  2544 | D:4      | Succumbed to a worker ant's poison

Skill      XL: |  1  2  3 |
---------------+----------+-----
Spellcasting   | 3 |  3.6
Stealth        | 1 2 |  2.7
Dodging        | 4 |  4.1
Fighting       | |  1.5
Short Blades   | |  2.8
Throwing       | |  1.0
Translocations | |  4.9

Action                   |  1- 3 |  4- 6 || total
-------------------------+-------+-------++-------
Melee: Short sword       |    70 |       ||    70
       Dagger            |    42 |    86 ||   128
  Use: Potion            |       |     2 ||     2
 Stab: Sleeping          |     9 |       ||     9
       Distracted        |     1 |       ||     1
Armor: Robe              |     6 |     1 ||     7
Dodge: Dodged            |    79 |    41 ||   120
